 Dungeon Crawl Stone Soup version 0.26.1-11-gd32895ea62 (webtiles) character file.

Game seed: 5168229846298401434

134 Zeld the Slasher (level 5, 0/34 HPs)
             Began as an Octopode Warper on May 19, 2021.
             Slain by an orc
             ... wielding a +0 vorpal flail
              (4 damage)
             ... on level 3 of the Dungeon.
             The game lasted 00:02:50 (2863 turns).

Zeld the Slasher (Octopode Warper)                  Turns: 2863, Time: 00:02:50

Health: 0/34       AC:  1    Str: 11    XL:     5   Next: 17%
Magic:  9/10       EV: 13    Int: 16    God:
Gold:   85         SH:  0    Dex: 11    Spells: 3/11 levels left

rFire    . . .     SeeInvis .   a - +0 falchion
rCold    . . .     Faith    .   (no shield)
rNeg     . . .     Spirit   .   (helmet restricted)
rPois    .         Reflect  .   (no amulet)
rElec    .         Harm     .   (no ring)
rCorr    .         Rampage  .   (no ring)
Will     .....                  (no ring)
Stlth    ++........             (no ring)
HPRegen  0.11/turn              (no ring)
MPRegen  0.12/turn              (no ring)
                                (no ring)
                                (no ring)

@: no status effects
A: almost no armour, stealthy swim, amphibious, 8 rings, constrict 8, camouflage
1, gelatinous body 1
a: no special abilities


You were on level 3 of the Dungeon.
You visited 1 branch of the dungeon, and saw 3 of its levels.

You collected 85 gold pieces.

Inventory:

Hand Weapons
 a - a +0 falchion (weapon)
Missiles
 d - 5 boomerangs of dispersal (quivered)
Jewellery
 h - an uncursed ring of willpower {unknown}
Wands
 l - a wand of paralysis (8)
Scrolls
 c - 2 scrolls of blinking
 f - a scroll of random uselessness {unknown}
 g - 4 scrolls of identify {unknown}
 i - 2 scrolls of enchant armour {unknown}
 k - a scroll of teleportation {unknown}
 o - a scroll of remove curse {unknown}
Potions
 b - 2 potions of brilliance {unknown}
 e - 3 potions of curing {unknown}
 j - 2 potions of lignification {unknown}
 m - a potion of berserk rage {unknown}
 n - a potion of cancellation {unknown}


   Skills:
 - Level 2.0 Fighting
 * Level 3.9 Long Blades
 - Level 1.0 Throwing
 - Level 2.3 Dodging
 * Level 3.6 Spellcasting
 - Level 3.0 Translocations


You had 3 spell levels left.
You knew the following spells:

 Your Spells              Type           Power        Failure   Level
a - Blink                 Tloc           N/A          8%          2
b - Gell's Gravitas       Tloc           6%           16%         3
c - Lesser Beckoning      Tloc           6%           16%         3

Your spell library contained the following spells:

 Spells                   Type           Power        Failure   Level
 Teleport Other           Tloc           12%          16%         3
 Passage of Golubria      Tloc           N/A          45%         4


Dungeon Overview and Level Annotations

Branches:
Dungeon (3/15)

Altars:


Innate Abilities, Weirdness & Mutations

You cannot wear most types of armour.
You are very stealthy in the water. (Stealth+)
You are amphibious.
You can wear up to eight rings at the same time.
You can use your tentacles to constrict eight enemies at once.
Your skin changes colour to match your surroundings (Stealth+).
Your rubbery body absorbs attacks. (AC +1, EV +1)


Message History

The orc wizard misses you.
You hit the orc wizard.
The orc wizard is moderately wounded.
You constrict the orc wizard.
The orc wizard hits you with a +0 dagger.
You are too injured to fight recklessly!
You are too injured to fight recklessly!
You hit the orc wizard. Your squeeze misses the orc wizard.
The orc wizard is severely wounded.
You constrict the orc wizard.
You kill the orc wizard!
You have reached level 5!
You feel clever.
You hit the orc. Your grab misses the orc. You squeeze the orc.
You kill the orc!
You hit the orc. Your grab misses the orc.
The orc is almost dead.
The orc hits you with a +0 vorpal flail!
* * * LOW HITPOINT WARNING * * *
You die...

#.# #.# #.#
#.# #.# #.#
#.#
#########.#
.(....o@..#
###########


You could see an orc.

Vanquished Creatures
  An orc priest (D:3)
  An orc wizard (D:3)
  2 adders (D:2)
  An ooze (D:1)
  An adder skeleton (D:2)
  3 worms (D:2)
  A dart slug (D:1)
  2 orcs (D:3)
  A giant cockroach (D:2)
  2 goblins (D:1)
  3 hobgoblins
  5 jackals (D:2)
  A quokka (D:2)
  A ball python (D:2)
  A bat (D:2)
  5 frilled lizards
  5 kobolds
  A leopard gecko skeleton (D:2)
  10 rats
47 creatures vanquished.

Notes
Turn   | Place    | Note
-------+----------+-------------------------------------------
     0 | D:1      | Zeld the Octopode Warper began the quest for the Orb.
     0 | D:1      | Reached XP level 1. HP: 14/14 MP: 3/3
   504 | D:1      | Reached XP level 2. HP: 19/19 MP: 5/5
   519 | D:1      | Learned a level 2 spell: Blink
  1075 | D:1      | Reached XP level 3. HP: 24/24 MP: 7/7
  1322 | D:2      | Learned a level 3 spell: Gell's Gravitas
  2316 | D:2      | Reached XP level 4. HP: 29/29 MP: 8/8
  2330 | D:2      | Learned a level 3 spell: Lesser Beckoning
  2862 | D:3      | Reached XP level 5. HP: 15/34 MP: 8/10
  2863 | D:3      | Slain by an orc

Illustrated notes

Levels and vault maps discovered:
D:1:      heliophobic_arrival_battle_scene, layout_basic
D:2:      layout_basic, kennysheep_generic_room_5
D:3:      layout_basic, fedhas_altar_3, uniq_jessica, uniq_ijyb

Skill      XL: |  1  2  3 |
---------------+----------+-----
Long Blades    | 3 |  3.9
Spellcasting   | 3 |  3.6
Fighting       | |  2.0
Throwing       | |  1.0
Dodging        | |  2.3
Translocations | |  3.0

Action                   |  1- 3 |  4- 6 || total
-------------------------+-------+-------++-------
Melee: Falchion          |    76 |    33 ||   109
       Constrict         |    21 |     7 ||    28
       Tentacles         |    14 |     4 ||    18
 Cast: Blink             |     4 |       ||     4
 Stab: Sleeping          |     8 |       ||     8
Armor: Skin              |     7 |     2 ||     9
Dodge: Dodged            |    46 |    18 ||    64
       Rpst.: Falchion   |    14 |     5 ||    19
